 Dungeon Crawl Stone Soup version 0.29.1-1-gd02db6906a (webtiles) character file.

Game seed: 531139954689139488

11 Jakudza the Gusty (level 2, -4/15 HPs)
             Began as a Tengu Air Elementalist on Sept 24, 2022.
             Engulfed by a cloud of poison gas (6 damage)
             ... on level 1 of the Dungeon.
             The game lasted 00:01:38 (948 turns).

Jakudza the Gusty (Tengu Air Elementalist)           Turns: 948, Time: 00:01:39

Health: -4/15      AC:  3    Str:  8    XL:     2   Next: 29%
Magic:  6/6        EV: 12    Int: 15    God:
Gold:   35         SH:  0    Dex: 14    Spells: 4/5 levels left

rFire   . . .      SeeInvis .   (no weapon)
rCold   . . .      Faith    .   (no shield)
rNeg    . . .      Spirit   .   a - +1 robe
rPois   .          Reflect  .   (helmet restricted)
rElec   .          Harm     .   (no cloak)
rCorr   .          Rampage  .   (no gloves)
Will    .....                   (boots unavailable)
Stlth   ++........              (no amulet)
HPRegen 0.05/turn               (no ring)
MPRegen 0.10/turn               (no ring)

@: lethally poisoned (-4 -> -33)
A: beak, talons 3
a: no special abilities


You were on level 1 of the Dungeon.
You visited 1 branch of the dungeon, and saw 1 of its levels.

You collected 35 gold pieces.

Inventory:

Armour
 a - a +1 robe (worn)
Jewellery
 d - a ring of wizardry
 f - a ring of flight
Potions
 b - 2 potions of magic
 c - a potion of might {unknown}


   Skills:
 + Level 2.4 Dodging
 + Level 2.2 Stealth
 + Level 2.1 Spellcasting
 + Level 1.8 Conjurations
 + Level 4.2 Air Magic


You had 4 spell levels left.
You knew the following spells:

 Your Spells              Type           Power      Damage    Failure   Level
a - Shock                 Conj/Air       40%        1d5       6%          1

Your spell library contained the following spells:

 Spells                   Type           Power      Damage    Failure   Level
 Static Discharge         Conj/Air       10%        3-5/arc   10%         2
 Swiftness                Air            14%        N/A       12%         3
 Airstrike                Air            7%         2d(1-17)  36%         4


Dungeon Overview and Level Annotations

Branches:
Dungeon (1/15)

Altars:

Shops:
D:1 =!


Innate Abilities, Weirdness & Mutations

You have a beak for a mouth.
You have claws for feet.


Message History

The goblin is severely wounded.
The goblin shouts!
The zap hits the goblin.
You kill the goblin!
You can't see any susceptible monsters within range! (Use Z to cast anyway.)
There is an open door here.
You open the door.
There is an open door here.
You open the door.
There is an open door here.
You see here 2 poisoned darts.
You pick your way through the web.
There is a web here.
There is a faded altar of an unknown god here.
You open the door.
There is an open door here.
There is an open door here.
g - a scroll labelled AKLUAXT BINI
Found a stone staircase leading down.
The air fills with toxic fumes!
As you read the scroll labelled GEIRHU ZECUDA, it crumbles to dust.
It was a scroll of poison.
As you read the scroll labelled AKLUAXT BINI, it crumbles to dust.
It is a scroll of enchant armour.
Your +0 robe glows green for a moment.
Partly explored, can't reach some places.
Sorry, you're not good enough to have a special ability.
Really walk into that cloud of poison gas?
You are engulfed in poison gas.
You are lethally poisoned!
You feel very sick.
* * * LOW HITPOINT WARNING * * *
You feel very sick.
There is a lethal amount of poison in your body!
Really walk into that cloud of poison gas? [Y]es or [N]o only, please.
Really walk into that cloud of poison gas?
You are engulfed in poison gas.
You are more poisoned.
You die...

..##...# ##..# #§##...#####...#
#### ###§##..##~~≈##..# ...#
###..§##.##≈~P≈≈##.# ##.#
#....§§.##≈~~.~~~### .#.#
#.#..§###≈≈P.8.P~≈#### .#.#
###§###§§§....~~#..# .#.#
.###.###.§§8§§§.....~8#.# ...#
.§§§§§§§@#.+.P8.<.8P.'..# .###
####§§#####8~.......~8#.# .# ##.#
##≈~.....~~##.# .# #.#
#≈≈P.8.P~≈##.# .# #.#
###≈≈≈.~~~###.# .# #.#
#.##≈~P~≈##.... .# ###.#
##..##≈~~##....# .# ##.#.#
##....#####......
.#########....###.........####.>.


There were no monsters in sight!

Vanquished Creatures
  2 dart slugs (D:1)
  2 goblins (D:1)
  A hobgoblin (D:1)
  A bat (D:1)
  2 rats (D:1)
8 creatures vanquished.

Notes
Turn   | Place    | Note
-------+----------+-------------------------------------------
     0 | D:1      | Jakudza the Tengu Air Elementalist began the quest for the
                  | Orb.
     0 | D:1      | Reached XP level 1. HP: 10/10 MP: 4/4
   240 | D:1      | Found Laiw's One-of-a-Kind Rings.
   306 | D:1      | Found Pibbi's Distillery.
   334 | D:1      | Found a faded altar of an unknown god.
   337 | D:1      | Reached XP level 2. HP: 15/15 MP: 3/6
   948 | D:1      | Engulfed by a cloud of poison gas

Illustrated notes

Levels and vault maps discovered:
D:1:      lightli_arrival_statuegarden, layout_loops_corners, serial_shops,
          shop, ebering_ecumenical_altar_webs, nicolae_shop_unique_rings

Action                   || total
-------------------------++-------
Melee: Unarmed           ||     7
       Kick              ||     4
       Peck              ||     3
 Cast: Shock             ||    16
  Use: Scroll            ||     3
Armor: Robe              ||     1
Dodge: Dodged            ||     6
